 Dungeon Crawl Stone Soup version 0.29.1-2-gbd0b4ee654 (webtiles) character file.

Game seed: 14191900815982767631

112 jamestheduck25 the Trooper (level 4, -4/37 HPs)
             Began as a Demonspawn Abyssal Knight on Nov 17, 2022.
             Was a Priest of Lugonu.
             Slain by a black bear (8 damage)
             ... on level 3 of the Dungeon on Nov 18, 2022.
             The game lasted 00:06:10 (3046 turns).

jamestheduck25 the Trooper (DsAK)                   Turns: 3046, Time: 00:06:11

Health: -4/37      AC:  6    Str: 16    XL:     4   Next: 64%
Magic:  5/5        EV:  9    Int: 11    God:    Lugonu [***...]
Gold:   136        SH:  0    Dex: 15    Spells: 3/3 levels left

rFire   . . .      SeeInvis .   a - +1 hand axe
rCold   . . .      Faith    .   (no shield)
rNeg    . . .      Spirit   .   i - +0 scale mail
rPois   .          Reflect  .   (helmet restricted)
rElec   .          Harm     .   (no cloak)
rCorr   .          Rampage  .   (no gloves)
Will    .....                   (no boots)
Stlth   +.........              (no amulet)
HPRegen 0.12/turn               (no ring)
MPRegen 0.18/turn               (no ring)

@: no status effects
A: horns 1, thin skeletal structure 1, magic regeneration
a: Renounce Religion, Depart the Abyss, Bend Space, Banish


You were on level 3 of the Dungeon.
You worshipped Lugonu.
Lugonu was most pleased with you.
You visited 1 branch of the dungeon, and saw 3 of its levels.
You visited the Abyss 1 time.

You collected 136 gold pieces.

Inventory:

Hand Weapons
 a - a +1 hand axe (weapon)
Armour
 b - a +0 leather armour
 i - a +0 scale mail (worn)
Wands
 j - a wand of polymorph (2)
Scrolls
 d - a scroll of noise {unknown}
 f - 2 scrolls of identify {unknown}
 h - a scroll of torment {unknown}
 m - a scroll of fear {unknown}
Potions
 c - a potion of lignification {unknown}
 e - a potion of haste {unknown}
 g - a potion of resistance {unknown}
 k - a potion of degeneration {unknown}
 l - a potion of curing


   Skills:
 + Level 4.0 Fighting
 + Level 2.4 Axes
 + Level 2.5 Armour
 + Level 1.4 Dodging
 + Level 1.1 Stealth
 + Level 2.5 Invocations


You had 3 spell levels left.
You didn't know any spells.
Your spell library was empty.

Dungeon Overview and Level Annotations

Branches:
Dungeon (3/15)

Altars:


Innate Abilities, Weirdness & Mutations

You have a pair of small horns on your head.
You have a somewhat thin skeletal structure. (Dex +2, Stealth+)
You regenerate magic rapidly.


Message History

The black bear barely misses you. The black bear claws you.
The black bear barely misses you.
You hit the black bear.
The black bear is heavily wounded.
The black bear bites you but does no damage.
The black bear barely misses you.
The black bear claws you but does no damage.
You hit the black bear. You headbutt the black bear.
The black bear is severely wounded.
The black bear misses you. The black bear closely misses you.
The black bear claws you but does no damage.
You hit the black bear but do no damage.
The black bear is severely wounded.
The black bear bites you but does no damage.
The black bear barely misses you. The black bear claws you.
The black bear bites you but does no damage.
The black bear claws you but does no damage.
The black bear claws you.
You hit the black bear. You headbutt the black bear.
The black bear is severely wounded.
The black bear goes berserk!
You barely miss the black bear. You headbutt the black bear.
The black bear is almost dead.
The black bear bites you but does no damage.
The black bear claws you. x2
The black bear bites you but does no damage.
The black bear claws you but does no damage. x2
You hit the black bear but do no damage.
The black bear is almost dead.
You hear the brisk rusting of a very distant drain.
The black bear bites you!
* * * LOW HITPOINT WARNING * * *
The black bear claws you but does no damage. x2
You hit the black bear. You headbutt the black bear.
The black bear is almost dead.
The black bear barely misses you. The black bear claws you.
* * * LOW HITPOINT WARNING * * *
The black bear claws you but does no damage.
The black bear bites you!
You die...

.?# #.#
#.# ###.#
...# #..#
#.h# #.@#
#.$# ##
#..# #.$
#..#
.#...##..#
.........#
[#...##.##
##. #.# #
#.##


You could see a black bear (berserk).

Vanquished Creatures
  Robin (D:2)
  2 adders
  3 worms
  3 dart slugs
  3 bats (D:1)
  7 endoplasms
  3 giant cockroaches
  6 goblins
  8 hobgoblins
  6 jackals (D:3)
  3 quokkas
  5 ball pythons
  4 frilled lizards
  5 kobolds (D:2)
  6 rats
65 creatures vanquished.

Notes
Turn   | Place    | Note
-------+----------+-------------------------------------------
     0 | Abyss:1  | jamestheduck25 the Demonspawn Abyssal Knight began the
                  | quest for the Orb.
     0 | Abyss:1  | Reached XP level 1. HP: 18/18 MP: 2/2
     4 | D:1      | Escaped the Abyss
   100 | D:1      | Gained mutation: You have a somewhat thin skeletal
                  | structure. (Dex +2, Stealth+) [demonic ancestry]
   100 | D:1      | Reached XP level 2. HP: 17/24 MP: 3/3
   535 | D:1      | Reached skill level 1 in Dodging
   839 | D:2      | Gained mutation: You have a pair of small horns on your
                  | head. [demonic ancestry]
   839 | D:2      | Reached XP level 3. HP: 27/30 MP: 4/4
   978 | D:2      | Reached *** piety under Lugonu
  1698 | D:2      | Reached skill level 1 in Stealth
  1910 | D:2      | Noticed Robin
  2003 | D:2      | Gained mutation: You regenerate magic rapidly. [demonic
                  | ancestry]
  2003 | D:2      | Reached XP level 4. HP: 13/37 MP: 5/5
  2447 | D:2      | Killed Robin
  2599 | D:2      | Found a faded altar of an unknown god.
  2675 | D:3      | Reached skill level 4 in Fighting
  3027 | D:3      | Noticed a black bear
  3046 | D:3      | Slain by a black bear

Illustrated notes

Levels and vault maps discovered:
D:1:      dpeg_arrival_tiny_i, layout_rooms, minmay_misc_feat_iff,
          patterned_corridor
D:2:      layout_basic, ebering_ecumenical_altar_mist, minmay_misc_feat_cross,
          uniq_robin
D:3:      layout_loops_ring, yredelemnul_forgotten_temple_becter,
          portal_sewer_entry_f

Skill      XL: |  1  2  3  4 |
---------------+-------------+-----
Armour         | 2 |  2.5
Dodging        | 1 |  1.4
Axes           | 2 |  2.4
Stealth        | 1 |  1.1
Fighting       | 4 |  4.0
Invocations    | |  2.5

Action                   |  1- 3 |  4- 6 || total
-------------------------+-------+-------++-------
Melee: Hand axe          |   110 |    61 ||   171
       Headbutt          |    13 |    15 ||    28
       Unarmed           |       |    11 ||    11
       Punch             |       |     1 ||     1
Invok: Bend Space        |       |     2 ||     2
  Use: Potion            |     3 |       ||     3
 Stab: Sleeping          |     5 |       ||     5
       Distracted        |     1 |       ||     1
Armor: Leather armour    |    22 |       ||    22
       Scale mail        |     3 |    48 ||    51
       Skin              |       |     1 ||     1
Dodge: Dodged            |    74 |    49 ||   123
